cohdb
Replays
Latest Replays
All Replays
Popular Replays
Top Player Replays
Match Explorer
How It Works
Community
CoH3 Stats
Reddit
Sign in to upload your games and track your stats! →
Sign in with Steam
Match 43009889
Unlisted
Match 43009889
Overview
Messages
Build Orders
End
250 Light Carrier
Panzergrenadier Squad
Panzerpioneer Squad
Panzergrenadier Squad
Construct Light Support Kompanie
Fire Support Elements
MG34 Team
2.5-tonne Medical Truck
Flakvierling Half-track
Panzerjäger Squad
Vehicle Survival Package
Panzerpioneer Squad
Panzerpioneer Squad
Construct Panzerarmee Kommand
Veteran Squad Leaders
Panzer III L Medium Tank
Armored Reserves
Selects Armored Support Battlegroup
Selects Salvage Kits
Selects Panzer Storm
Tungsten Core Ammunition
--Nico--
双目失明丝毫不影响我烹饪好菜
🍡 EAT OR DIE 🍵
Solidcake
mayrc
DjFruchti
gUi
Jangbihwan
0
0
Comments
sign in to comment!
No comments posted yet!